 Dungeon Sprint DCSS version 0.30-a0-219-gf2db51d15e (webtiles) character file.

Game seed: 7071446734855361088

368 rocky1 the Ogre Mage (level 6, -9/62 HPs)
             Began as an Ogre Reaver on Oct 8, 2022.
             Was an Initiate of Gozag.
             Mangled by a vampire mosquito (10 damage)
             ... in the Dungeon (Sprint VII: "The Pits").
             The game lasted 00:03:06 (508 turns).

rocky1 the Ogre Mage (Ogre Reaver)                   Turns: 508, Time: 00:03:08

Health: -9/62      AC:  3    Str: 17    XL:     6   Next: 69%
Magic:  17/17      EV:  9    Int: 16    God:    Gozag
Gold:   1161       SH:  0    Dex:  7    Spells: 16/22 levels left

rFire   . . .      SeeInvis .    m - +0 flail (protect)
rCold   . . .      Faith    .    (no shield)
rNeg    . . .      Spirit   .    b - +0 robe
rPois   .          Reflect  .    (helmet restricted)
rElec   .          Harm     .    (no cloak)
rCorr   .          Rampage  .    (gloves unavailable)
Will    .....      NoTele   +    (boots unavailable)
Stlth   +.........               (no amulet)
HPRegen 0.30/turn                (no ring)
MPRegen 0.15/turn                (no ring)

@: on berserk cooldown, slowed, very slow
A: large, unfitting armour, tough skin 1
a: Renounce Religion, Potion Petition, Call Merchant, Bribe Branch


You were in the Dungeon.
You worshipped Gozag.
Gozag was most pleased with you.
You visited 1 branch You collected 1161 gold pieces.

Inventory:

Hand Weapons
 m - a +0 flail of protection (weapon)
Armour
 b - a +0 robe (worn)
Scrolls
 h - a scroll of blinking
 k - 5 scrolls of amnesia
 l - a scroll of summoning
Potions
 c - 6 potions of curing
 d - 6 potions of heal wounds
 e - a potion of haste
 f - 4 potions of magic
 g - a potion of berserk rage
 j - 2 potions of invisibility


   Skills:
 + Level 4.2 Fighting
 + Level 7.7 Maces & Flails
 - Level 1.7 Dodging
 + Level 8.9 Spellcasting
 + Level 7.7 Conjurations


You had 16 spell levels left.
You knew the following spells:

 Your Spells              Type           Power      Damage    Failure   Level
a - Kiss of Death         Conj/Necr      76%        2d11      1%          1
b - Momentum Strike       Conj/Tloc      38%        3d9       3%          2
c - Hailstorm             Conj/Ice       19%        3d6       6%          3

Your spell library contained the following spells:

 Spells                   Type           Power      Damage    Failure   Level


Dungeon Overview and Level Annotations

Branches:
Dungeon (1/1)

Altars:
Ashenzari
Cheibriados
Dithmenos
Elyvilon
Fedhas
Gozag
Hepliaklqana
Kikubaaqudgha
Makhleb
Nemelex Xobeh
Okawaru
Qazlal
Ru
Sif Muna
Trog
Uskayaw
Vehumet
Wu Jian
Xom
Yredelemnul
Zin
The Shining One
Jiyva
Lugonu


Innate Abilities, Weirdness & Mutations

You are too large for most types of armour.
You have tough skin. (AC +1)


Message History

The vampire mosquito barely misses you.
The vampire mosquito bites you but does no damage.
You closely miss the vampire mosquito.
The vampire mosquito is severely damaged.
The vampire mosquito bites you!
* * * LOW HITPOINT WARNING * * *
The vampire mosquito draws strength from your injuries!
You barely miss the vampire mosquito.
The vampire mosquito is heavily damaged.
The vampire mosquito bites you but does no damage.
You miss the vampire mosquito.
The vampire mosquito is heavily damaged.
The vampire mosquito bites you.
* * * LOW HITPOINT WARNING * * *
The vampire mosquito draws strength from your injuries!
You barely miss the vampire mosquito.
The vampire mosquito is moderately damaged.
The vampire mosquito bites you but does no damage. x2
You completely miss the vampire mosquito.
The vampire mosquito is moderately damaged.
The vampire mosquito bites you.
* * * LOW HITPOINT WARNING * * *
The vampire mosquito draws strength from your injuries!
You barely miss the vampire mosquito.
The vampire mosquito is moderately damaged.
The vampire mosquito bites you!
* * * LOW HITPOINT WARNING * * *
The vampire mosquito draws strength from your injuries!
You barely miss the vampire mosquito.
The vampire mosquito is moderately damaged.
The vampire mosquito bites you.
* * * LOW HITPOINT WARNING * * *
The vampire mosquito draws strength from your injuries!
You completely miss the vampire mosquito.
The vampire mosquito is moderately damaged.
You are no longer berserk.
You are exhausted.
You feel yourself slow down. The vampire mosquito bites you!
You die...
Your body crumbles into a pile of gold.

#.#........##.......#
#)###########.......#
#).#.#.## #########
#.......# ##.#.#.##
#.......#+#
##.#.#.##.+
#.......#y#
##.#.#..'@#
##########


You could see a vampire mosquito.

Vanquished Creatures
  A black bear (D)
  A centaur (D)
  A phantom (D)
  A gnoll sergeant (D)
  Jessica (D)
  3 gnolls (D)
  An endoplasm (D)
  2 giant cockroaches (D)
  A hobgoblin (D)
  A kobold (D)
  3 quokkas (D)
  A ball python skeleton (D)
  A frilled lizard (D)
  A quokka skeleton (D)
19 creatures vanquished.

Notes
Turn   | Place    | Note
-------+----------+-------------------------------------------
     0 | D        | rocky1 the Ogre Reaver began the quest for the Orb.
     0 | D        | Reached XP level 1. HP: 22/22 MP: 3/3
    19 | D        | Found a bloodstained altar of Trog.
    19 | D        | Found a shimmering blue altar of Sif Muna.
    19 | D        | Found a viscous altar of Jiyva.
    19 | D        | Found a hazy altar of Hepliaklqana.
    19 | D        | Found an opulent altar of Gozag.
    45 | D        | Found a glowing golden altar of the Shining One.
    45 | D        | Found a glowing silver altar of Zin.
    45 | D        | Found a basalt altar of Yredelemnul.
    45 | D        | Found a shimmering altar of Xom.
    45 | D        | Found an ornate altar of the Wu Jian Council.
    45 | D        | Found a sacrificial altar of Ru.
    45 | D        | Found a stormy altar of Qazlal.
    45 | D        | Found an iron altar of Okawaru.
    45 | D        | Found a sparkling altar of Nemelex Xobeh.
    45 | D        | Found a burning altar of Makhleb.
    45 | D        | Found a blossoming altar of Fedhas.
    45 | D        | Found a white marble altar of Elyvilon.
    45 | D        | Found a shadowy altar of Dithmenos.
    45 | D        | Found a snail-covered altar of Cheibriados.
    46 | D        | Found a radiant altar of Vehumet.
    46 | D        | Found a corrupted altar of Lugonu.
    47 | D        | Found an ancient bone altar of Kikubaaqudgha.
    47 | D        | Found a hide-covered altar of Uskayaw.
    47 | D        | Found a broken altar of Ashenzari.
    49 | D        | Became a worshipper of Gozag Ym Sagoz the Greedy
    66 | D        | Reached skill level 3 in Spellcasting
   100 | D        | Reached XP level 2. HP: 26/29 MP: 6/6
   111 | D        | Noticed a black bear
   120 | D        | Killed a black bear
   121 | D        | Reached skill level 5 in Maces & Flails
   121 | D        | Reached skill level 6 in Spellcasting
   121 | D        | Reached skill level 5 in Conjurations
   121 | D        | Reached XP level 3. HP: 29/36 MP: 3/10
   121 | D        | Reached XP level 4. HP: 35/44 MP: 3/12
   242 | D        | Noticed a centaur
   242 | D        | Noticed a gnoll sergeant
   271 | D        | Killed a centaur
   272 | D        | Reached skill level 7 in Spellcasting
   272 | D        | Reached XP level 5. HP: 38/50 MP: 12/14
   279 | D        | Reached skill level 8 in Spellcasting
   279 | D        | Reached XP level 6. HP: 37/59 MP: 12/17
   384 | D        | Noticed Jessica
   395 | D        | Killed Jessica
   452 | D        | Learned a level 2 spell: Momentum Strike
   456 | D        | Learned a level 3 spell: Hailstorm
   483 | D        | Noticed a vampire mosquito
   506 | D        | HP: 2/93 [vampire mosquito (10)]
   508 | D        | Mangled by a vampire mosquito

Illustrated notes

Levels and vault maps discovered:
D:        pitsprint [storerooms_1, entrance_room_1, metal_vault_5, armoury_2,
          mini_pit_1, grid_room_1, main_hall_1, silver_pit, the_coven_1,
          the_vestibule_1, steel_vault_4, golden_pit, hallway_of_sentries,
          crystal_vault_1, iron_vault_2, final_vault]

Skill      XL: |  1  2  3  4  5  6 |
---------------+-------------------+-----
Maces & Flails | 3 5 6 7 |  7.7
Spellcasting   | 3 6 7 8 |  8.9
Conjurations   | 3 5 6 7 |  7.7
Fighting       | 4 |  4.2
Dodging        | |  1.7

Action                   |  1- 3 |  4- 6 || total
-------------------------+-------+-------++-------
Melee: Mace              |    27 |       ||    27
       Flail             |       |    67 ||    67
 Cast: Kiss of Death     |     2 |     2 ||     4
  Use: Potion            |     1 |     1 ||     2
 Stab: Distracted        |     1 |       ||     1
Armor: Robe              |    12 |    30 ||    42
Dodge: Dodged            |    27 |    34 ||    61

Table legend: (Time is in decaauts)
 A = Elapsed time spent in this place.
 B = Non-inter-level travel time spent in this place.
 C = Inter-level travel time spent in this place.
 D = Time resting spent in this place.
 E = Time spent auto-exploring this place.
 F = Levels seen in this place.
 G = Mean time per level.
                   A        B        C        D        E       F      G
               +--------+--------+--------+--------+--------+-----+--------+
         Total |    523 |    491 |     32 |    195 |      0 |   1 |  523.0 |
       Dungeon |    523 |    491 |     32 |    195 |      0 |   1 |  523.0 |
               +--------+--------+--------+--------+--------+-----+--------+

Top non-repeatable levels by time:
       D: 523 daAuts
